 Dungeon Crawl Stone Soup version 0.17.2-1-ge4368a0 (webtiles) character file.

71 Goblin1989 the Skirmisher (level 4, -1/37 HPs)
             Began as a Human Enchanter on Jan 9, 2017.
             Slain by a hobgoblin
             ... wielding a +0 club
              (6 damage)
             ... on level 3 of the Dungeon.
             The game lasted 00:10:48 (837 turns).

Goblin1989 the Skirmisher (Human Enchanter)          Turns: 837, Time: 00:10:49

Health: -1/37      AC:  3    Str:  9    XL:     4   Next: 47%
Magic:  7/7        EV: 12    Int: 16    God:
Gold:   135        SH:  0    Dex: 13    Spells: 2 memorised, 3 levels left

rFire  . . .     SeeInvis .     m - +0 dagger (elec)
rCold  . . .     Clarity  .     b - +1 robe
rNeg   . . .     SustAt   .     (no shield)
rPois  .         Gourm    .     (no helmet)
rElec  .         Spirit   .     (no cloak)
rCorr  .         Warding  .     (no gloves)
rMut   .         Stasis   .     (no boots)
MR     .....                    (no amulet)
Stlth  ++........               (no ring)
                                (no ring)

@: very slightly contaminated, not resistant to hostile enchantments, unstealthy
A: no striking features
a: no special abilities


You were on level 3 of the Dungeon.
You were hungry.

You visited 1 branch of the dungeon, and saw 3 of its levels.

You collected 135 gold pieces.

Inventory:

Hand Weapons
 a - a +1 dagger
 k - a +1 hunting sling of flaming
 l - a +0 falchion
 m - a +0 dagger of electrocution (weapon)
Armour
 b - a +1 robe (worn)
Jewellery
 e - a +3 ring of dexterity {unknown}
 f - a ring of invisibility {unknown}
 g - a +3 ring of evasion {unknown}
Scrolls
 h - a scroll of random uselessness {unknown}
Potions
 i - 2 potions of curing {unknown}
 j - a potion of heal wounds {unknown}
Books
 c - a book of Maledictions

   Spells                             Type                      Level
   a - Corona                         Hexes                        1
   b - Ensorcelled Hibernation        Hexes/Ice                    2
   c - Confuse                        Hexes                        3
   d - Tukima's Dance                 Hexes                        3
   e - Dazzling Spray                 Conjuration/Hexes            3
Comestibles
 d - 2 bread rations {@e1}


   Skills:
 + Level 3.7 Fighting
 - Level 1.0 Short Blades
 - Level 2.0 Dodging
 - Level 3.0 Stealth
 - Level 2.0 Spellcasting
 - Level 3.0 Hexes


You had 3 spell levels left.
You knew the following spells:

 Your Spells              Type           Power        Failure   Level  Hunger
a - Corona                Hex            ##.....      8%          1    #......
x - Confuse               Hex            ##......     17%         3    ###....


Dungeon Overview and Level Annotations

Branches:
Dungeon (3/15)

Altars:
Trog


Message History

* * * LOW HITPOINT WARNING * * *
You take 8 damage, and have 1/35 hp.
MASSIVE DAMAGE!!
You hit the gnoll.
The gnoll is severely wounded.
The gnoll misses you.
You hit the gnoll.
The gnoll is almost dead.
You hit the gnoll.
You kill the gnoll!
Unknown command.
You see here 9 gold pieces.
You now have 135 gold pieces (gained 9).
A gnoll comes into view. It is wielding a flail.
A gnoll comes into view. It is wielding a whip.
Your extra speed is starting to run out.
You are feeling hungry.
A hobgoblin comes into view. It is wielding a club.
You feel yourself slow down. The hobgoblin hits you with a club.
You die...

█.██.......█
█..∆.......█
███████.......█
█.....∆.......█
█████.....█.......█ .
█.........█.......██▲█..
█.........███...........
█.........█ █..g.....)█
█...█.....█ █...@.<...█
██∆██.....█ █.........█
██)██.....███.........█
..)<.......██.........█
██████████............█
█....███████████ █....█
█....█████ █........█


You could see a hobgoblin.

Vanquished Creatures
  3 gnolls (D:3)
  2 adders (D:2)
  A ball python (D:2)
  A bat (D:2)
  6 goblins
  2 giant cockroaches (D:2)
  2 giant newts
  4 jackals
  A kobold (D:2)
  3 rats
25 creatures vanquished.

Notes
Turn   | Place    | Note
--------------------------------------------------------------
     0 | D:1      | Goblin1989 the Human Enchanter began the quest for the Orb.
     0 | D:1      | Reached XP level 1. HP: 13/13 MP: 3/3
   185 | D:2      | Reached skill level 1 in Fighting
   195 | D:2      | Reached XP level 2. HP: 14/21 MP: 1/5
   491 | D:3      | Reached XP level 3. HP: 17/28 MP: 6/6
   498 | D:3      | Learned a level 3 spell: Confuse
   732 | D:2      | Found a bloodstained altar of Trog.
   789 | D:3      | Reached XP level 4. HP: 14/35 MP: 7/7
   799 | D:3      | HP: 1/35 [gnoll (8)]
   837 | D:3      | Slain by a hobgoblin

Action                   |  1- 3 |  4- 6 || total
-------------------------+-------+-------++-------
Melee: Dagger            |    77 |    13 ||    90
 Cast: Corona            |    11 |       ||    11
  Use: Potion            |     1 |       ||     1
 Stab: Sleeping          |     2 |       ||     2

Vault maps used:
D:1:      minmay_arrival_three_doors
D:2:      nicolae_overflow_crystal_walls
D:3:      uniq_grinder, uniq_robin
